 Dungeon Crawl Stone Soup version 0.18.1-50-g88ac8fd (webtiles) character file.

79 nikopol the Skirmisher (level 4, -6/61 HPs)
             Began as a Minotaur Berserker on Oct 13, 2016.
             Was a Believer of Trog.
             Mangled by nikopol's ghost (15 damage)
             ... on level 3 of the Dungeon.
             The game lasted 00:02:37 (1485 turns).

nikopol the Skirmisher (Minotaur Berserker)         Turns: 1485, Time: 00:02:38

Health: -6/61      AC:  8    Str: 27    XL:     4   Next: 17%
Magic:  3/3        EV: 11    Int:  4    God:    Trog [**....]
Gold:   106        SH:  0    Dex: 10    Spells: 0 memorised, 3 levels left

rFire  . . .     SeeInvis .     a - +0 hand axe
rCold  . . .     Gourm    .     o - +2 scale mail {rPois}
rNeg   . . .     Faith    .     (no shield)
rPois  +         Spirit   .     (helmet restricted)
rElec  .         Dismiss  .     (no cloak)
rCorr  .         Reflect  .     (no gloves)
SustAt .         Harm     .     (no boots)
MR     .....                    (no amulet)
Stlth  ..........               (no ring)
                                (no ring)

@: berserking, very quick, not resistant to hostile enchantments, extremely
unstealthy
A: retaliatory headbutt, horns 2
a: Berserk, Trog's Hand, Burn Spellbooks, Renounce Religion


You were on level 3 of the Dungeon.
You worshipped Trog.
Trog was pleased with you.
You were not hungry.

You visited 1 branch of the dungeon, and saw 3 of its levels.

You collected 106 gold pieces.

Inventory:

Hand Weapons
 a - a +0 hand axe (weapon)
Missiles
 i - 15 arrows (quivered)
Armour
 b - a +0 animal skin
 f - a +0 ring mail
 o - a +2 scale mail of poison resistance (worn)
Scrolls
 e - a scroll of remove curse {unknown}
 g - 2 scrolls of random uselessness {unknown}
 l - a scroll of blinking {unknown}
 m - a scroll of amnesia {unknown}
 p - 2 scrolls of teleportation {unknown}
 s - a scroll of identify {unknown}
Potions
 d - a potion of ambrosia {unknown}
 j - a potion of haste {unknown}
 n - 2 potions of lignification {unknown}
 r - a potion of magic {unknown}
 t - a potion of mutation {unknown}
Comestibles
 c - 2 bread rations
 h - 2 meat rations
 k - a beef jerky
 q - 3 chunks of flesh
 u - 4 fruits


   Skills:
 + Level 4.6 Fighting
 + Level 4.2 Axes
 + Level 3.4 Armour
 + Level 2.9 Dodging


You had 3 spell levels left.
You didn't know any spells.

Dungeon Overview and Level Annotations

Branches:
Dungeon (3/15)

Altars:

Annotations:
D:3 nikopol's ghost, amateur MiBe


Innate Abilities, Weirdness & Mutations

You reflexively headbutt those who attack you in melee.
You have a pair of horns on your head.


Message History

Trog accepts your kill.
The orc throws a tomahawk.
The tomahawk closely misses you. Nikopol's ghost hits you!
A giant cockroach zombie comes into view.
You barely miss nikopol's ghost. Your headbutt misses nikopol's ghost.
Nikopol's ghost is moderately damaged.
The orc throws a tomahawk.
The tomahawk barely misses you.
You barely miss nikopol's ghost.
Nikopol's ghost is moderately damaged.
Nikopol's ghost hits you but does no damage.
You barely miss nikopol's ghost.
Nikopol's ghost is moderately damaged.
The orc throws a tomahawk.
The tomahawk hits you. Nikopol's ghost hits you!!
* * * LOW HITPOINT WARNING * * *
You are too injured to fight recklessly!
You are too injured to fight recklessly!
You hit nikopol's ghost but do no damage.
Nikopol's ghost is moderately damaged.
Nikopol's ghost hits you!
You die...

#...# #.#.#
#.#.#
###(#.##
#......#
#......#
##.<....#
####...(...#
.......@...#
###...)oW..#
#.#.Z....#
#.#......# .
.......#
...########
.. ##


You could see nikopol's ghost, an orc and a giant cockroach zombie.

Vanquished Creatures
  2 oozes
  2 worms (D:2)
  2 dart slugs (D:1)
  2 orcs (D:3)
  2 giant cockroaches (D:1)
  3 goblins (D:2)
  6 hobgoblins
  13 jackals
  2 ball pythons
  5 bats
  A giant newt (D:1)
  10 kobolds
  4 rats
54 creatures vanquished.

Notes
Turn   | Place    | Note
--------------------------------------------------------------
     0 | D:1      | nikopol the Minotaur Berserker began the quest for the Orb.
     0 | D:1      | Reached XP level 1. HP: 19/19 MP: 0/0
   238 | D:1      | Reached XP level 2. HP: 22/27 MP: 1/1
   404 | D:1      | Reached XP level 3. HP: 31/33 MP: 2/2
   556 | D:1      | Reached ** piety under Trog
  1352 | D:2      | Reached XP level 4. HP: 40/41 MP: 3/3
  1476 | D:3      | Noticed nikopol's ghost (amateur MiBe)
  1485 | D:3      | Mangled by nikopol's ghost

Skill      XL: |  1  2  3 |
---------------+----------+-----
Fighting       | 4 |  4.6
Armour         | 3 |  3.4
Axes           | 4 |  4.2
Dodging        | |  2.9

Action                   |  1- 3 |  4- 6 || total
-------------------------+-------+-------++-------
Melee: Hand axe          |    91 |    19 ||   110
       Headbutt          |    15 |     2 ||    17
Invok: Berserk           |       |     1 ||     1
 Stab: Sleeping          |     1 |       ||     1
  Eat: Chunk             |     1 |     1 ||     2
Armor: Animal skin       |    11 |       ||    11
       Scale mail        |     8 |    10 ||    18
       Ring mail         |     3 |       ||     3
Dodge: Dodged            |    71 |    14 ||    85
